 Dungeon Crawl Stone Soup version 0.31-a0-145-g046c7d2549 (webtiles) character file.

Game seed: 380578398602171267

25 qw the Shooter (level 2, -2/26 HPs)
             Began as a Minotaur Hunter on June 7, 2023.
             Killed from afar by Sigmund (10 damage)
             ... with a puff of flame
             ... on level 2 of the Dungeon.
             The game lasted 00:00:24 (1038 turns).

qw the Shooter (Minotaur Hunter)                    Turns: 1038, Time: 00:00:24

Health: -2/26      AC:  3    Str: 15    XL:     2   Next: 82%
Magic:  1/1        EV: 17    Int:  6    God:
Gold:   7          SH:  0    Dex: 13    Spells: 1/1 levels left

rFire   . . .        Y - +0 shortbow
rCold   . . .        (shield currently unavailable)
rNeg    . . .        c - +0 leather armour
rPois   .            (helmet restricted)
rElec   .            (no cloak)
rCorr   .            (no gloves)
SInv    .            (no boots)
Will    .....        (no amulet)
Stlth   +            d - +5 ring of evasion
HPRegen 0.24/turn    (no ring)
MPRegen 0.07/turn

%: no passive effects
@: no status effects
A: horns 2, retaliatory headbutt
a: no special abilities


You were on level 2 of the Dungeon.
You visited 1 branch of the dungeon, and saw 2 of its levels.

You collected 7 gold pieces.


Innate Abilities, Weirdness & Mutations

You have a pair of horns on your head.
You reflexively headbutt those who attack you in melee.


   Skills:
 - Level 3.0 Fighting
 + Level 5.1 Ranged Weapons
 - Level 2.1 Dodging
 - Level 0.7 Stealth


You had one spell level left.
You didn't know any spells.
Your spell library was empty.

Inventory:

Hand Weapons
 Y - a +0 shortbow (weapon)
Armour
 c - a +0 leather armour (worn)
Jewellery
 d - a +5 ring of evasion (left hand)
Potions
 k - a potion of magic {unknown}
 l - a potion of degeneration {unknown}
 m - a potion of resistance {unknown}
 o - a potion of haste {unknown}
 p - a potion of enlightenment {unknown}

Dungeon Overview and Level Annotations

Branches:
Dungeon (2/15)

Altars:

Annotations:
D:2 Sigmund


Message History

Sigmund gestures at you while chanting.
You are confused.
Sigmund points at you and mumbles some strange words.
The magic dart hits you! Sigmund completely misses you.
The jackal completely misses you. Sigmund closely misses you.
The jackal misses you. The jackal barely misses you.
Sigmund gestures at you while chanting.
You are more confused.
The jackal bites you but does no damage.
The jackal misses you. Sigmund closely misses you.
The jackal bites you but does no damage.
Sigmund misses you. The jackal closely misses you.
The jackal closely misses you. The jackal completely misses you.
Sigmund barely misses you.
The jackal bites you but does no damage.
The jackal barely misses you. Sigmund misses you.
You feel less confused. The jackal closely misses you.
You shoot an arrow. The arrow hits the jackal.
The jackal is severely wounded.
The jackal bites you but does no damage.
Sigmund closely misses you. The jackal barely misses you.
You furiously retaliate!
You headbutt the jackal.
You kill the jackal!
You see here a jackal corpse.
Sigmund points at you and mumbles some strange words.
You are confused.
You hear a bark!
You hear a bark!
Sigmund hits you but does no damage. Sigmund barely misses you.
A jackal comes into view.
Sigmund hits you but does no damage.
You feel less confused.
A jackal comes into view.
Sigmund gestures at you while chanting. The puff of flame hits you!
You die...

#.# #.# #.#
##########.#
.........#.# #
########.#.####. #.
##.#......
#.#########.....<...
#.@..@h%....%......
#.#####.####.#######
.. #.# #.# ..h ..#
#.# #.# #### #.# #
#.# ..#


You could see Sigmund and 2 jackals.

Vanquished Creatures
  5 endoplasms (D:1)
  A hobgoblin (D:1)
  5 jackals
  3 kobolds (D:1)
  4 ball pythons
  A frilled lizard (D:1)
  A rat (D:1)
20 creatures vanquished.

Notes
Turn   | Place    | Note
-------+----------+-------------------------------------------
     0 | D:1      | qw the Minotaur Hunter began the quest for the Orb.
     0 | D:1      | Reached XP level 1. HP: 18/18 MP: 0/0
     0 | D:1      | 0 ||| qw: Version: 0.2-a-117-gc6b5c8b
     0 | D:1      | 0 ||| qw: Game counter: 2541
     0 | D:1      | 0 ||| qw: Always use a shield: true
     0 | D:1      | 0 ||| qw: God list: Okawaru
     0 | D:1      | 0 ||| qw: Allow faded altars: false
     0 | D:1      | 0 ||| qw: Do Orc after D:15 true
     0 | D:1      | 0 ||| qw: Do second Lair branch before Depths: true
     0 | D:1      | 0 ||| qw: Lair rune preference: random
     0 | D:1      | 0 ||| qw: Plans: Normal
     0 | D:1      | 0 ||| PLANNING D:1-11
   179 | D:1      | Reached XP level 2. HP: 19/25 MP: 1/1
   183 | D:1      | Reached skill level 5 in Ranged Weapons
   275 | D:1      | Found a faded altar of an unknown god.
   507 | D:1      | Reached skill level 3 in Fighting
   687 | D:1      | 687 ||| UPGRADING to +5 ring of evasion.
   688 | D:1      | 688 ||| READING scroll labelled SOROFI VUCAOHI.
   689 | D:1      | 689 ||| READING 2 scrolls labelled VEUFUSOALO.
   690 | D:1      | 690 ||| READING scroll labelled YNUYPLANAV.
   691 | D:1      | 691 ||| READING scroll labelled VODDIC BAOHIU.
   692 | D:1      | 692 ||| READING scroll labelled XUS BELUPUO.
   697 | D:1      | 697 ||| READING scroll labelled DIH DODEWAEWK.
   798 | D:1      | 798 ||| DRINKING 2 purple potions.
   902 | D:1      | 902 ||| DROPPING scroll of butterflies.
   903 | D:1      | 903 ||| DROPPING scroll of noise.
   904 | D:1      | 904 ||| DROPPING potion of berserk rage.
   937 | D:2      | Noticed Sigmund
   939 | D:2      | 939 ||| STAIRDANCE
   969 | D:2      | 969 ||| STAIRDANCE
  1015 | D:2      | HP: 3/26 [Sigmund/magic dart (7)]
  1038 | D:2      | Killed from afar by Sigmund

Levels and vault maps discovered:
D:1:      sevenhm_arrival_forest_fort_small_4, layout_loops_ring,
          ebering_ecumenical_altar_hall, item_on_display_a
D:2:      layout_loops_ring, basic_altar, nrook_campfire, uniq_sigmund

Skill      XL: |  1  2 |
---------------+-------+-----
Ranged Weapons | 5 |  5.1
Fighting       | 3 |  3.0
Dodging        | |  2.1
Stealth        | |  0.7

Action                     || total
---------------------------++-------
   Fire: Shortbow          ||    54
    Use: Scroll            ||     6
         Potion            ||     1
 Armour: Leather armour    ||    14
  Dodge: Dodged            ||    30

Table legend:
 A = Non-vault XP
 B = Vault XP
 C = Vault XP percentage of total XP
 D = Non-vault monster count
 E = Vault monster count
 F = Vault count percentage of total count
                 A         B        C        D         E       F
            +---------+---------+-------+---------+---------+-------
      Total |      36 |       0 |   0.0 |      20 |       0 |   0.0
            +---------+---------+-------+---------+---------+-------
        D:1 |      32 |       0 |   0.0 |      18 |       0 |   0.0
        D:2 |       4 |       0 |   0.0 |       2 |       0 |   0.0
            +---------+---------+-------+---------+---------+-------
